PUBAA
CHARLESTON CHEW @ BASS LAKE BASS
06/18/1972
 
TOP OF THE 1ST
Charleston Chew batting - Pitching for Bass Lake Bass : RHP Bruce Kison
Pitching: RHP Bruce Kison
Batting: RHB Shotaro Kiyomizu 0-0: Called Strike
0-1: Ball
1-1: Ball
2-1: Swinging Strike
2-2: Foul Ball, location: 25F
2-2: Ball
3-2: Foul Ball, location: 5FF
3-2: Base on Balls
Batting: RHB Nate Kaufman 0-0: Foul Ball, location: 2F
0-1: Ball
1-1: Ball
Passed Ball!
Shotaro Kiyomizu to second
2-1: Ball
3-1: SINGLE (Groundball, 4D, EV 100.6 MPH)
Shotaro Kiyomizu to third
Runner from 3rd tries for Home, SAFE, throw by CF to home
Batting: RHB Archie Beck 0-0: Ball
1-0: Called Strike
1-1: Fly out, F8 (Flyball, 89D, EV 80.0 MPH)
Batting: RHB Ken Harrelson 0-0: Called Strike
0-1: Foul Ball, location: 2F
0-2: Fly out, F7 (Line Drive, 78S, EV 100.0 MPH)
Batting: RHB Ernest Ramsey 0-0: Ball
Nate Kaufman steals 2nd base (no throw)
1-0: Ground out 6-3 (Groundball, 6M, EV 109.4 MPH)
Top of the 1st over - 1 run, 1 hit, 0 errors, 1 left on base; Charleston 1 - Bass Lake 0
BOTTOM OF THE 1ST
Bass Lake Bass batting - Pitching for Charleston Chew : LHP Heui-seong Pak
Pitching: LHP Heui-seong Pak
Batting: RHB Johnny Myers 0-0: Ball
1-0: Foul Ball, location: 2F
1-1: Foul Ball, location: 2F
1-2: Ball
2-2: Ball
3-2: SINGLE (Flyball, 78S, EV 91.3 MPH)
Batting: RHB Ánibal Villegas 0-0: Bunt - Flyout to 15! F1
Batting: RHB Gary Filipowicz 0-0: Ball
1-0: Ball
2-0: Called Strike
2-1: Swinging Strike
2-2: Ball
3-2: Base on Balls
Johnny Myers to second
Batting: RHB Waleliano Gaberiela 0-0: Called Strike
0-1: Foul Ball, location: 9LDF
0-2: SINGLE (Line Drive, 78S, EV 92.5 MPH)
Johnny Myers to third
Gary Filipowicz to second
Batting: RHB Kahu Awoonga 0-0: Ball
1-0: Ball
2-0: Called Strike
2-1: Ball
3-1: Fly out, F8 (Flyball, 8RD, EV 93.8 MPH)
Runner from 3rd tags up, SCORES, no throw by CF
Batting: LHB Ángel Gómez 0-0: Ball
1-0: Ball
2-0: Called Strike
2-1: Swinging Strike
2-2: Foul Ball, location: 7LSFF
2-2: Strikes out looking
Bottom of the 1st over - 1 run, 2 hits, 0 errors, 2 left on base; Charleston 1 - Bass Lake 1
TOP OF THE 2ND
Charleston Chew batting - Pitching for Bass Lake Bass : RHP Bruce Kison
Batting: RHB Edgardo Brieno 0-0: Ball
1-0: Swinging Strike
1-1: Foul Ball, location: 2F
1-2: Ball
2-2: Ball
3-2: SINGLE (Groundball, 34D, EV 93.8 MPH)
Batting: LHB Billy L Williams 0-0: Called Strike
0-1: Ball
1-1: Swinging Strike
1-2: SINGLE (Groundball, 56D, EV 109.4 MPH)
Edgardo Brieno to second
Batting: SHB Zachary Austin 0-0: Ball
Wild Pitch!
Edgardo Brieno to third
Billy L Williams to second
1-0: Foul Ball, location: 5FF
1-1: Foul Ball, location: 2F
1-2: Foul Ball, location: 23F
1-2: Strikes out swinging
Batting: RHB Shawn Thompson 0-0: Called Strike
0-1: Foul Ball, location: 7LSF
0-2: Ground out 5-3 (Groundball, 5, EV 80.6 MPH)
Batting: RHB Shotaro Kiyomizu 0-0: Foul Ball, location: 9LDF
0-1: Foul Ball, location: 23FF
0-2: Ground out 1-3 (Groundball, 15S, EV 68.1 MPH)
Top of the 2nd over - 0 runs, 2 hits, 0 errors, 2 left on base; Charleston 1 - Bass Lake 1
BOTTOM OF THE 2ND
Bass Lake Bass batting - Pitching for Charleston Chew : LHP Heui-seong Pak
Batting: LHB Dave Schneck 0-0: Called Strike
0-1: Ball
1-1: SOLO HOME RUN (Flyball, 9D, EV 99.4 MPH), Distance : 379 ft
Batting: RHB Joe Smith 0-0: Ball
1-0: Ball
2-0: Ball
3-0: Base on Balls
Batting: LHB Jason Warren 0-0: Ball
1-0: Sac Bunt to 13S - play at first, batter OUT! 1-3
Joe Smith to second
Batting: RHB Johnny Myers 0-0: Called Strike
0-1: Foul Ball, location: 2F
0-2: Ball
1-2: Ball
2-2: Foul Ball, location: 2F
2-2: Foul Ball, location: 5FF
2-2: Ball
3-2: Base on Balls
Batting: RHB Ánibal Villegas 0-0: Ball
1-0: Called Strike
1-1: Foul Ball, location: 2F
1-2: Foul Ball, location: 2F
1-2: Strikes out looking
Batting: RHB Gary Filipowicz 0-0: Ball
1-0: Ball
2-0: Called Strike
2-1: Swinging Strike
2-2: Foul Ball, location: 5FF
2-2: Ground out 6-3 (Groundball, 6M, EV 102.5 MPH)
Bottom of the 2nd over - 1 run, 1 hit, 0 errors, 2 left on base; Charleston 1 - Bass Lake 2
TOP OF THE 3RD
Charleston Chew batting - Pitching for Bass Lake Bass : RHP Bruce Kison
Batting: RHB Nate Kaufman 0-0: Ball
1-0: Ball
2-0: Swinging Strike
2-1: Foul Ball, location: 23F
2-2: Ball
3-2: Base on Balls
Batting: RHB Archie Beck 0-0: Swinging Strike
0-1: Called Strike
Nate Kaufman steals 2nd base
0-2: Foul Ball, location: 2F
0-2: Ball
1-2: Foul Ball, location: 25F
1-2: Ball
2-2: Foul Ball, location: 5SF
2-2: Ball
3-2: Foul Ball, location: 2F
3-2: DOUBLE (Line Drive, 9LM, EV 103.8 MPH)
Nate Kaufman scores
Batting: RHB Ken Harrelson 0-0: Called Strike
0-1: Swinging Strike
0-2: Strikes out looking
Batting: RHB Ernest Ramsey 0-0: Ball
1-0: Called Strike
1-1: Foul Ball, location: 5F
1-2: Ball
2-2: Foul Ball, location: 2F
2-2: Foul Ball, location: 7LDF
2-2: Ball
3-2: DOUBLE (Flyball, 8LXD, EV 105.0 MPH)
Archie Beck scores
Batting: RHB Edgardo Brieno 0-0: Ball
1-0: SINGLE (Line Drive, 7S, EV 98.1 MPH)
Ernest Ramsey to third
Batting: LHB Billy L Williams 0-0: Ball
1-0: Called Strike
Edgardo Brieno steals 2nd base
1-1: Foul Ball, location: 2F
1-2: Hit by Pitch
Batting: SHB Zachary Austin 0-0: Called Strike
0-1: Ball
1-1: Foul Ball, location: 2F
1-2: Foul Ball, location: 7LMF
1-2: SINGLE (Line Drive, 8LS, EV 91.9 MPH)
Ernest Ramsey scores
Edgardo Brieno to third
Billy L Williams to second
Runner from 3rd tries for Home, SAFE, throw by CF to home
Batting: RHB Shawn Thompson 0-0: Ball
1-0: Fly out, F7 (Flyball, 78S, EV 96.9 MPH)
Batting: RHB Shotaro Kiyomizu 0-0: Ball
1-0: Ball
2-0: Called Strike
2-1: Ball
3-1: Foul Ball, location: 2F
3-2: Foul Ball, location: 3FF
3-2: Base on Balls
Billy L Williams to third
Zachary Austin to second
Batting: RHB Nate Kaufman 0-0: Ball
1-0: Ball
2-0: Fielders Choice at 3rd, U5 (Groundball, 5, EV 105.0 MPH)
Top of the 3rd over - 4 runs, 4 hits, 0 errors, 2 left on base; Charleston 5 - Bass Lake 2
BOTTOM OF THE 3RD
Bass Lake Bass batting - Pitching for Charleston Chew : LHP Heui-seong Pak
Batting: RHB Waleliano Gaberiela 0-0: Foul Ball, location: 5FF
0-1: Ball
1-1: Called Strike
1-2: Foul Ball, location: 23FF
1-2: Foul Ball, location: 9LMF
1-2: Ball
2-2: Foul Ball, location: 3F
2-2: Foul Ball, location: 9LMF
2-2: Ball
3-2: Strikes out swinging
Batting: RHB Kahu Awoonga 0-0: Called Strike
0-1: Swinging Strike
0-2: Ball
1-2: Foul Ball, location: 3F
1-2: Strikes out looking
Batting: LHB Ángel Gómez 0-0: Ball
1-0: Ball
2-0: Ground out 4-3 (Groundball, 4M, EV 98.8 MPH)
Bottom of the 3rd over - 0 runs, 0 hits, 0 errors, 0 left on base; Charleston 5 - Bass Lake 2
TOP OF THE 4TH
Charleston Chew batting - Pitching for Bass Lake Bass : RHP Bruce Kison
Batting: RHB Archie Beck 0-0: Ball
1-0: Ball
2-0: Called Strike
2-1: Ball
3-1: Base on Balls
Batting: RHB Ken Harrelson 0-0: Ball
1-0: Ball
2-0: Ball
3-0: Base on Balls
Archie Beck to second
Batting: RHB Ernest Ramsey 0-0: Ball
1-0: SINGLE (Line Drive, 8LS, EV 105.6 MPH)
Archie Beck to third
Ken Harrelson to second
Batting: RHB Edgardo Brieno 0-0: Foul Ball, location: 2F
0-1: Called Strike
0-2: Foul Ball, location: 5FF
0-2: Ball
1-2: Fly out, F7 (Flyball, 7S, EV 81.9 MPH)
Batting: LHB Billy L Williams 0-0: Ball
1-0: Foul Ball, location: 2F
1-1: Ball
2-1: Ball
3-1: Foul Ball, location: 25FF
3-2: Strikes out swinging
Batting: SHB Zachary Austin 0-0: Called Strike
0-1: Ball
1-1: SINGLE (Groundball, 4MD, EV 96.9 MPH)
Archie Beck scores
Ken Harrelson to third
Ernest Ramsey to second
Throwing error, E8
Ken Harrelson scores
Ernest Ramsey to third
Zachary Austin to second
Pitching: LHP Alan Bower
Batting: RHB Shawn Thompson 0-0: Ball
Wild Pitch!
Ernest Ramsey scores
Zachary Austin to third
1-0: Foul Ball, location: 7LDF
1-1: Ball
2-1: Ball
3-1: Fly out, F9 (Flyball, 9LD, EV 101.3 MPH)
Top of the 4th over - 3 runs, 2 hits, 1 error, 1 left on base; Charleston 8 - Bass Lake 2
BOTTOM OF THE 4TH
Bass Lake Bass batting - Pitching for Charleston Chew : LHP Heui-seong Pak
Batting: LHB Dave Schneck 0-0: SINGLE (Flyball, 5D, EV 96.3 MPH)
Batting: RHB Joe Smith 0-0: Called Strike
0-1: Ball
1-1: Ball
2-1: Foul Ball, location: 3FF
2-2: SINGLE (Line Drive, 34D, EV 94.4 MPH)
Dave Schneck to second
Batting: LHB Jason Warren 0-0: Called Strike
0-1: Swinging Strike
0-2: Foul Ball, location: 2F
0-2: Foul Ball, location: 3FF
0-2: Foul Ball, location: 7LSF
0-2: Ball
1-2: Ball
2-2: Ball
3-2: Base on Balls
Dave Schneck to third
Joe Smith to second
Batting: RHB Johnny Myers 0-0: Called Strike
0-1: Ball
1-1: Called Strike
1-2: Ball
2-2: Grounds into double play, 6-4-3 (Groundball, 6S, EV 86.3 MPH)
Dave Schneck scores
Joe Smith to third
Batting: RHB Ánibal Villegas 0-0: Called Strike
0-1: Swinging Strike
0-2: Strikes out swinging
Bottom of the 4th over - 1 run, 2 hits, 0 errors, 1 left on base; Charleston 8 - Bass Lake 3
TOP OF THE 5TH
Charleston Chew batting - Pitching for Bass Lake Bass : LHP Alan Bower
Batting: RHB Shotaro Kiyomizu 0-0: Foul Ball, location: 9LMF
0-1: Called Strike
0-2: Ball
1-2: Ground out 1-3 (Groundball, 13S, EV 76.9 MPH)
Batting: RHB Nate Kaufman 0-0: Called Strike
0-1: Ball
1-1: Ball
2-1: Ground out U3 (Groundball, 3S, EV 75.0 MPH)
Batting: RHB Archie Beck 0-0: Fly out, F7 (Flyball, 7D, EV 112.5 MPH)
Top of the 5th over - 0 runs, 0 hits, 0 errors, 0 left on base; Charleston 8 - Bass Lake 3
BOTTOM OF THE 5TH
Bass Lake Bass batting - Pitching for Charleston Chew : LHP Heui-seong Pak
Batting: RHB Gary Filipowicz 0-0: Ball
1-0: Foul Ball, location: 9LMF
1-1: Ball
2-1: Ball
3-1: Base on Balls
Batting: RHB Waleliano Gaberiela 0-0: Ball
1-0: Ball
2-0: Ball
3-0: Base on Balls
Gary Filipowicz to second
Batting: RHB Kahu Awoonga 0-0: Ball
1-0: Foul Ball, location: 2F
1-1: Swinging Strike
1-2: Ball
2-2: Grounds into double play, 4-6-3 (Groundball, 4, EV 86.9 MPH)
Gary Filipowicz to third
Batting: LHB Ángel Gómez 0-0: Ball
1-0: Ground out 6-3 (Groundball, 6, EV 80.6 MPH)
Bottom of the 5th over - 0 runs, 0 hits, 0 errors, 1 left on base; Charleston 8 - Bass Lake 3
TOP OF THE 6TH
Charleston Chew batting - Pitching for Bass Lake Bass : LHP Alan Bower
Batting: RHB Ken Harrelson 0-0: Swinging Strike
0-1: Swinging Strike
0-2: Foul Ball, location: 5FF
0-2: Ball
1-2: Strikes out looking
Batting: RHB Ernest Ramsey 0-0: Ball
1-0: Ball
2-0: Foul Ball, location: 2F
2-1: Foul Ball, location: 2F
2-2: Foul Ball, location: 3DF
2-2: Ball
3-2: Foul Ball, location: 25F
3-2: Fly out, F8 (Flyball, 8RD, EV 96.9 MPH)
Batting: RHB Edgardo Brieno 0-0: Called Strike
0-1: Foul Ball, location: 2F
0-2: Foul Ball, location: 9LMF
0-2: Ball
1-2: Ball
2-2: Strikes out looking
Top of the 6th over - 0 runs, 0 hits, 0 errors, 0 left on base; Charleston 8 - Bass Lake 3
BOTTOM OF THE 6TH
Bass Lake Bass batting - Pitching for Charleston Chew : LHP Heui-seong Pak
Batting: LHB Dave Schneck 0-0: SINGLE (Groundball, 3S, EV 70.6 MPH) (infield hit)
Batting: RHB Joe Smith 0-0: Swinging Strike
0-1: Called Strike
0-2: Ball
1-2: Foul Ball, location: 7LDF
1-2: Ball
2-2: Ball
3-2: Base on Balls
Dave Schneck to second
Batting: LHB Jason Warren 0-0: Ball
1-0: Called Strike
1-1: Ball
2-1: Called Strike
2-2: Ball
3-2: Strikes out swinging
Batting: RHB Johnny Myers 0-0: Ball
1-0: Ball
2-0: Called Strike
2-1: Fly out, F9 (Flyball, 9D, EV 99.4 MPH)
Runner from 2nd tags up, SAFE at 3rd with throw by RF
Batting: RHB Ánibal Villegas 0-0: Called Strike
0-1: Foul Ball, location: 23F
0-2: Fielders Choice at 2nd, 6-4 (Groundball, 6, EV 84.4 MPH)
Bottom of the 6th over - 0 runs, 1 hit, 0 errors, 2 left on base; Charleston 8 - Bass Lake 3
TOP OF THE 7TH
Charleston Chew batting - Pitching for Bass Lake Bass : LHP Alan Bower
Batting: RHB Jerry Moore 0-0: Swinging Strike
0-1: Ball
1-1: Foul Ball, location: 25FF
1-2: Strikes out looking
Batting: SHB Zachary Austin 0-0: Ball
1-0: Called Strike
1-1: Ball
2-1: Ground out 1-3 (Groundball, P, EV 66.9 MPH)
Batting: RHB Shawn Thompson 0-0: Called Strike
0-1: Called Strike
0-2: Ball
1-2: Strikes out swinging
Top of the 7th over - 0 runs, 0 hits, 0 errors, 0 left on base; Charleston 8 - Bass Lake 3
BOTTOM OF THE 7TH
Bass Lake Bass batting - Pitching for Charleston Chew : LHP Heui-seong Pak
Batting: RHB Gary Filipowicz 0-0: Called Strike
0-1: Swinging Strike
0-2: Ball
1-2: Strikes out swinging
Batting: RHB Waleliano Gaberiela 0-0: Called Strike
0-1: Ball
1-1: Ball
2-1: Swinging Strike
2-2: Strikes out swinging
Batting: RHB Kahu Awoonga 0-0: Called Strike
0-1: Swinging Strike
0-2: Fly out, F9 (Flyball, 89XD, EV 105.6 MPH)
Bottom of the 7th over - 0 runs, 0 hits, 0 errors, 0 left on base; Charleston 8 - Bass Lake 3
TOP OF THE 8TH
Charleston Chew batting - Pitching for Bass Lake Bass : LHP Alan Bower
Batting: RHB Shotaro Kiyomizu 0-0: Ball
1-0: Ball
2-0: Ball
3-0: Base on Balls
Batting: RHB Nate Kaufman 0-0: Ball
1-0: Ball
2-0: Called Strike
2-1: Called Strike
2-2: Strikes out swinging
Batting: RHB Archie Beck 0-0: Foul Ball, location: 5F
0-1: Called Strike
0-2: Ball
1-2: Ball
2-2: Strikes out swinging
Batting: RHB Ken Harrelson 0-0: Called Strike
0-1: Ball
1-1: Fly out, F7 (Flyball, 78D, EV 105.0 MPH)
Top of the 8th over - 0 runs, 0 hits, 0 errors, 1 left on base; Charleston 8 - Bass Lake 3
BOTTOM OF THE 8TH
Bass Lake Bass batting - Pitching for Charleston Chew : LHP Heui-seong Pak
Pitching: RHP Scott Hayes
Batting: LHB Ángel Gómez 0-0: Ball
1-0: Ball
2-0: Ground out 6-3 (Groundball, 6M, EV 87.5 MPH)
Batting: LHB Dave Schneck 0-0: Ball
1-0: Called Strike
1-1: Swinging Strike
1-2: Strikes out swinging
Batting: RHB Joe Smith 0-0: Foul Ball, location: 9LDF
0-1: DOUBLE (Flyball, 8LXD, EV 113.1 MPH)
Batting: LHB Jason Warren 0-0: Ball
1-0: Called Strike
1-1: Foul Ball, location: 5F
1-2: Foul Ball, location: 2F
1-2: Foul Ball, location: 23FF
1-2: Ball
2-2: Strikes out swinging
Bottom of the 8th over - 0 runs, 1 hit, 0 errors, 1 left on base; Charleston 8 - Bass Lake 3
TOP OF THE 9TH
Charleston Chew batting - Pitching for Bass Lake Bass : LHP Alan Bower
Batting: RHB Ernest Ramsey 0-0: Ball
1-0: Called Strike
1-1: Ground out 1-3 (Groundball, 13S, EV 65.0 MPH)
Batting: RHB Edgardo Brieno 0-0: Called Strike
0-1: Ball
1-1: Foul Ball, location: 2F
1-2: Ball
2-2: Foul Ball, location: 9LSFF
2-2: Ball
3-2: DOUBLE (Line Drive, 89XD, EV 100.0 MPH)
Pitching: LHP Jeremy Bailey
Batting: RHB Jerry Moore 0-0: Ball
1-0: Ground out 5-3 (Groundball, 56, EV 107.5 MPH)
Batting: SHB Zachary Austin 0-0: Ground out 3-1 (Groundball, 34S, EV 82.5 MPH)
Top of the 9th over - 0 runs, 1 hit, 0 errors, 1 left on base; Charleston 8 - Bass Lake 3
BOTTOM OF THE 9TH
Bass Lake Bass batting - Pitching for Charleston Chew : RHP Scott Hayes
Batting: RHB Johnny Myers 0-0: Ball
1-0: Called Strike
1-1: Swinging Strike
1-2: Strikes out swinging
Batting: RHB Ánibal Villegas 0-0: Called Strike
0-1: Ball
1-1: Ground out 1-3 (Groundball, P, EV 70.0 MPH)
Batting: RHB Gary Filipowicz 0-0: Called Strike
0-1: Ball
1-1: Swinging Strike
1-2: Ball
2-2: Strikes out looking
Bottom of the 9th over - 0 runs, 0 hits, 0 errors, 0 left on base; Charleston 8 - Bass Lake 3
Thursday, March 28th , 2024 - OOTP Baseball 24.8 Build 75